 Dungeon Sprint DCSS version 0.23-a0-8-gb809bb70e4 (webtiles) character file.

29202 GordonOverkill the Slayer (level 13, -2/134 (135) HPs)
             Began as a Hill Orc Berserker on Aug 1, 2018.
             Was the Champion of Trog.
             Slain by the 27-headed Lernaean hydra (3 damage)
             ... in the Dungeon (Sprint I: "Red Sonja").
             The game lasted 00:18:55 (5609 turns).

GordonOverkill the Slayer (Hill Orc Berserker)      Turns: 5609, Time: 00:18:55

HP:   -2/134 (135)  AC: 27    Str: 25    XL:     13   Next: 43%
MP:   15/15         EV: 15    Int: 11    God:    Trog [******]
Gold: 1006          SH:  0    Dex: 10    Spells: 12/12 levels left

rFire    + . .     SeeInvis .   m - +7 battleaxe of Tender Mercy {speed, Int+4}
rCold    . . .     Gourm    .   (shield currently unavailable)
rNeg     . . .     Faith    .   b - +0 shadow dragon scales
rPois    .         Spirit   .   v - +2 helmet
rElec    .         Reflect  .   c - +2 cloak {MR+}
rCorr    .         Harm     .   (no gloves)
MR       +++..     Rnd*Rage +   t - +2 pair of boots {run} Stlth +.........NoTele +
                                (no amulet)
HPRegen  1.32/turn              (no ring)
MPRegen  0.14/turn              (no ring)

@: regenerating, very slow
A: repulsion field 1, berserk 2, fire resistance 1, frail 1, low mp 1, subdued
magic 1
a: Berserk, Trog's Hand, Brothers in Arms, Renounce Religion


You were in the Dungeon.
You worshipped Trog.
Trog was exalted by your worship.
You were not hungry.

You visited 1 branch You collected 2993 gold pieces.
You spent 1987 gold pieces at shops.

Inventory:

Hand Weapons
 f - a +0 blowgun
 m - the +7 battleaxe of Tender Mercy (weapon) {speed, Int+4}
   (Trog gifted it to you in the Dungeon)

   Attacks with this weapon are significantly faster.
   It affects your intelligence (+4).
 p - a +2 battleaxe of venom
 B - a +6 executioner's axe of venom
Missiles
 l - 6 curare-tipped needles
 A - a throwing net (quivered)
Armour
 b - +0 shadow dragon scales (worn)
 c - a +2 cloak of magic resistance (worn)
 t - a +2 pair of boots of running (worn)
 v - a +2 helmet (worn)
Wands
 d - a wand of polymorph (2)
 q - a wand of enslavement (11)
 y - a wand of iceblast (6)
 z - a wand of flame (12)
Scrolls
 i - 4 scrolls of blinking
 k - a scroll of identify
 n - a scroll of fog
 o - a scroll of torment {unknown}
 x - 2 scrolls of fear
Potions
 e - a potion of resistance
 g - 2 potions of magic
 h - 2 potions of berserk rage
 j - 3 potions of lignification {unknown}
 u - 3 potions of heal wounds
 w - 4 potions of curing
Miscellaneous
 r - 2 phantom mirrors
Comestibles
 a - 5 rations


   Skills:
 + Level 24.4 Fighting
 - Level 19.6(20.3) Axes
   Level 9.0(14.0) Maces & Flails
 - Level 15.2 Armour
 - Level 11.6 Dodging
 - Level 5.0 Evocations


You had 12 spell levels left.
You didn't know any spells.
Your spell library was empty.

Dungeon Overview and Level Annotations

Branches:
Dungeon (1/1)

Altars:
Cheibriados
Dithmenos
Elyvilon
Fedhas
Gozag
Hepliaklqana
Kikubaaqudgha
Makhleb
Nemelex Xobeh
Okawaru
Qazlal
Ru
Sif Muna
Trog
Uskayaw
Vehumet
Wu Jian
Xom
Yredelemnul
Zin
The Shining One
Jiyva
Lugonu

Shops:
D [(:*=?(=*!?}!?[:}(!}%

Annotations:
D Lernaean hydra, Lom Lobon


Innate Abilities, Weirdness & Mutations

You are surrounded by a mild repulsion field. (EV +2)
You often lose your temper in combat.
Your flesh is heat resistant. (rF+)
You are frail. (-10% HP)
Your magical capacity is low. (-10% MP)
Your spells are a little easier to cast, but a little less powerful.


Message History

You enter the shallow water.
Moving in this stuff is going to be slow.
The ice encasing you melts away.
The 27-headed Lernaean hydra barely misses you.
The 27-headed Lernaean hydra bites you but does no damage.
The 27-headed Lernaean hydra barely misses you.
The 27-headed Lernaean hydra bites you but does no damage. x6
The 27-headed Lernaean hydra barely misses you.
The 27-headed Lernaean hydra bites you but does no damage. x2
The 27-headed Lernaean hydra barely misses you.
The 27-headed Lernaean hydra bites you.
* * * LOW HITPOINT WARNING * * *
The 27-headed Lernaean hydra bites you but does no damage.
The 27-headed Lernaean hydra bites you!
* * * LOW HITPOINT WARNING * * *
The 27-headed Lernaean hydra bites you but does no damage. x4
The 27-headed Lernaean hydra misses you.
The 27-headed Lernaean hydra completely misses you.
The 27-headed Lernaean hydra bites you.
You die...

..# #(.###$#..≈.##'#§.§§## ..#
#.##..$#..§##.§.§§§§.## §##
#..#'###.§§#§§§§)§§§..# §#
##...#.≈.§##§§§§§§.§..## +#
###.#.≈§§#§§§...§..§..#
#.###§§#..§..[......#
#.#*&§§##§.........##
####'#§##&##§.........# ###
###..))#^#@D§##........##
..#####...####.#≈≈≈§##(.))..##
........### ..#≈≈≈≈§########
....##### .####≈≈≈≈# ...## §.
#'≈≈≈'≈ ..## §. $##≈≈#≈≈ ..#
§§§ $ ##### ### .&§ ≈≈≈


You could see Lom Lobon and the 27-headed Lernaean hydra.

Vanquished Creatures
  A golden dragon (D)
  A shadow dragon (D)
  4 fire giants (D)
  A deep elf annihilator (D)
  A mummy priest (D)
  A hydra (D)
  2 centaur warriors (D)
  Sonja (D)
  A deep troll (D)
  7 unseen horrors (D)
  A lindwurm (D)
  8 shining eyes (D)
  2 oklob plants (D)
  2 merfolk sirens (D)
  A gargoyle (D)
  2 kobold demonologists (D)
  3 demonic crawlers (D)
  A hellwing (D)
  2 hornets (D)
  A slime creature (D)
  2 redbacks (D)
  Sigmund (D)
  13 hogs (D)
  A yak (D)
  7 floating eyes (D)
  7 necrophages (D)
  An ogre (D)
  8 jellies (D)
  Ijyb (D)
  4 ballistomycetes (D)
88 creatures vanquished.

Vanquished Creatures (collateral kills)
  A demonic crawler (D)
1 creature vanquished.

Vanquished Creatures (others)
  A gargoyle (D)
  3 hornets (D)
  2 ball lightnings (D)
  2 ballistomycete spores (D)
8 creatures vanquished.

Grand Total: 97 creatures vanquished

Notes
Turn   | Place    | Note
-------+----------+-------------------------------------------
     0 | D        | GordonOverkill the Hill Orc Berserker began the quest for the Orb.
     0 | D        | Reached XP level 1. HP: 19/19 MP: 1/1
     1 | D        | Noticed Ijyb
     9 | D        | Killed Ijyb
     9 | D        | Reached XP level 2. HP: 26/26 MP: 2/2
     9 | D        | Reached XP level 3. HP: 31/31 MP: 3/3
    48 | D        | Noticed an ogre
    57 | D        | Killed an ogre
    57 | D        | Reached XP level 4. HP: 30/39 MP: 4/4
   125 | D        | Noticed Sigmund
   134 | D        | Killed Sigmund
   134 | D        | Reached ** piety under Trog
   134 | D        | Reached skill level 15 in Axes
   134 | D        | Reached XP level 5. HP: 45/45 MP: 5/5
   134 | D        | Reached XP level 6. HP: 51/51 MP: 6/6
   193 | D        | Found a deep blue altar of Sif Muna.
   194 | D        | Found an ornate altar of the Wu Jian Council.
   195 | D        | Found a radiant altar of Vehumet.
   198 | D        | Reached skill level 5 in Fighting
   226 | D        | Found Toozan's Assorted Antiques.
   226 | D        | Found an ancient bone altar of Kikubaaqudgha.
   226 | D        | Found a hazy altar of Hepliaklqana.
   226 | D        | Found a hide-covered altar of Uskayaw.
   226 | D        | Found a basalt altar of Yredelemnul.
   226 | D        | Found an opulent altar of Gozag.
   226 | D        | Found a snail-covered altar of Cheibriados.
   226 | D        | Found a sacrificial altar of Ru.
   226 | D        | Found a shadowy altar of Dithmenos.
   226 | D        | Noticed a yak
   235 | D        | Killed a yak
   235 | D        | Reached skill level 9 in Fighting
   236 | D        | Found a stormy altar of Qazlal.
   236 | D        | Found a blossoming altar of Fedhas.
   236 | D        | Found a bloodstained altar of Trog.
   236 | D        | Found an iron altar of Okawaru.
   236 | D        | Found a glowing golden altar of the Shining One.
   236 | D        | Found a glowing silver altar of Zin.
   236 | D        | Found a white marble altar of Elyvilon.
   237 | D        | Found a sparkling altar of Nemelex Xobeh.
   409 | D        | Found a viscous altar of Jiyva.
   409 | D        | Found a corrupted altar of Lugonu.
   409 | D        | Noticed a slime creature
   410 | D        | Found a burning altar of Makhleb.
   410 | D        | Found a shimmering altar of Xom.
   417 | D        | Killed a slime creature
   417 | D        | Reached *** piety under Trog
   417 | D        | Reached skill level 11 in Fighting
   417 | D        | Reached XP level 7. HP: 46/75 MP: 7/7
   557 | D        | Noticed a kobold demonologist
   557 | D        | Noticed a kobold demonologist
   558 | D        | Noticed a hellwing
   563 | D        | Reached skill level 12 in Fighting
   566 | D        | Killed a kobold demonologist
   566 | D        | Received a gift from Trog
   566 | D        | Reached XP level 8. HP: 85/85 MP: 8/8
   572 | D        | Killed a kobold demonologist
   614 | D        | Noticed a demonic crawler
   614 | D        | Noticed a demonic crawler
   614 | D        | Noticed a demonic crawler
   614 | D        | Noticed a demonic crawler
   630 | D        | Killed a demonic crawler
   630 | D        | Reached **** piety under Trog
   630 | D        | Reached skill level 10 in Armour
   632 | D        | Killed a demonic crawler
   643 | D        | HP: 4/127 [demonic crawler (3)]
   644 | D        | Killed a demonic crawler
   644 | D        | Reached XP level 9. HP: 4/92 MP: 9/9
   648 | D        | Killed a demonic crawler
   975 | D        | Bought a runed demon whip for 396 gold pieces
  1009 | D        | Noticed a gargoyle
  1017 | D        | Killed a gargoyle
  1017 | D        | Reached skill level 5 in Maces & Flails
  1075 | D        | Noticed a lindwurm
  1086 | D        | Killed a lindwurm
  1181 | D        | Reached skill level 13 in Fighting
  1195 | D        | Reached ***** piety under Trog
  1201 | D        | Reached skill level 14 in Fighting
  1201 | D        | Reached XP level 10. HP: 86/103 MP: 10/10
  1207 | D        | Received a gift from Trog
  1220 | D        | Reached skill level 15 in Fighting
  1233 | D        | Reached skill level 16 in Fighting
  1244 | D        | Received a gift from Trog
  1246 | D        | Got an ebony battleaxe {god gift}
  1247 | D        | Identified the +7 battleaxe of Tender Mercy {speed, Int+4} (Trog gifted it to you in the Dungeon)
  1413 | D        | Noticed a 12-headed hydra
  1419 | D        | Killed a 15-headed hydra
  1662 | D        | Noticed a merfolk siren
  1673 | D        | Killed a merfolk siren
  1687 | D        | Noticed a merfolk siren
  1691 | D        | Noticed a deep elf annihilator
  1700 | D        | Killed a merfolk siren
  1950 | D        | Noticed a daeva
  1953 | D        | Noticed an unseen horror
  1955 | D        | Noticed an unseen horror
  1956 | D        | Killed an unseen horror
  1956 | D        | Received a gift from Trog
  1956 | D        | Reached XP level 11. HP: 69/116 MP: 11/11
  1956 | D        | Noticed an unseen horror
  1962 | D        | Killed an unseen horror
  1962 | D        | Reached ****** piety under Trog
  1966 | D        | Killed an unseen horror
  1974 | D        | Noticed an unseen horror
  1995 | D        | Killed an unseen horror
  1997 | D        | Killed an unseen horror
  2313 | D        | Noticed a fire giant
  2328 | D        | Killed a fire giant
  2328 | D        | Reached skill level 18 in Fighting
  2369 | D        | Noticed a fire giant
  2369 | D        | Noticed a fire giant
  2384 | D        | Killed a fire giant
  2384 | D        | Reached skill level 19 in Fighting
  2521 | D        | Noticed a fire giant
  2536 | D        | Killed a fire giant
  2536 | D        | Reached skill level 20 in Fighting
  2719 | D        | Killed a fire giant
  2719 | D        | Received a gift from Trog
  2719 | D        | Reached skill level 21 in Fighting
  2719 | D        | Reached XP level 12. HP: 136/136 MP: 12/12
  2812 | D        | HP: 2/136 [daeva/divine providence (13)]
  3327 | D        | Noticed a centaur warrior
  3330 | D        | Noticed a centaur warrior
  3340 | D        | Killed a centaur warrior
  3362 | D        | Killed a centaur warrior
  3392 | D        | Noticed Sonja
  3401 | D        | Killed Sonja
  3401 | D        | Reached skill level 22 in Fighting
  3754 | D        | Received a gift from Trog
  3770 | D        | Reached skill level 23 in Fighting
  4047 | D        | Paralysed by a floating eye for 4 turns
  4060 | D        | Received a gift from Trog
  4106 | D        | Received a gift from Trog
  4221 | D        | Found Bakar's Jewellery Shoppe.
  4221 | D        | Found Sutut's Antique Weapon Shop.
  4221 | D        | Found Mena's Assorted Antiques.
  4223 | D        | Found Jinang's Distillery.
  4223 | D        | Found Aceqiaje's Magic Scroll Shop.
  4223 | D        | Found Ronnojyarr's Gadget Shoppe.
  4223 | D        | Found Xethah's Distillery.
  4223 | D        | Found Micwuz's Magic Scroll Emporium.
  4223 | D        | Found Gewydyoch's Armour Shop.
  4223 | D        | Found Pec Gangi's Book Shoppe.
  4226 | D        | Found Jaaruef's Gadget Boutique.
  4227 | D        | Found Wuiblo Sets's Distillery.
  4227 | D        | Found Plog's Weapon Boutique.
  4228 | D        | Found Umniropt's Gadget Emporium.
  4232 | D        | Bought a +1 pair of boots of running for 474 gold pieces
  4256 | D        | Bought a scroll of enchant armour for 82 gold pieces
  4256 | D        | Bought a scroll of enchant armour for 82 gold pieces
  4261 | D        | Bought a +2 helmet for 214 gold pieces
  4269 | D        | Bought a potion of heal wounds for 55 gold pieces
  4269 | D        | Bought a potion of heal wounds for 55 gold pieces
  4272 | D        | Bought a potion of heal wounds for 60 gold pieces
  4272 | D        | Bought a potion of curing for 36 gold pieces
  4275 | D        | Bought a scroll of fear for 38 gold pieces
  4275 | D        | Bought a scroll of fear for 38 gold pieces
  4275 | D        | Bought a scroll of identify for 22 gold pieces
  4449 | D        | Found Lydas's Armour Boutique.
  4459 | D        | Gained mutation: You tend to lose your temper in combat. [a shining eye]
  4461 | D        | Gained mutation: Your magical capacity is low. (-10% MP) [a shining eye]
  4461 | D        | Gained mutation: You are clumsy. (Dex -2) [a shining eye]
  4462 | D        | Reached skill level 1 in Evocations
  4466 | D        | Received a gift from Trog
  4466 | D        | Paralysed by a floating eye for 4 turns
  4468 | D        | Gained mutation: You often lose your temper in combat. [a shining eye]
  4469 | D        | Gained mutation: You are weak. (Str -2) [a shining eye]
  4473 | D        | Gained mutation: Scrolls take you a little longer to read. [a shining eye]
  4474 | D        | Gained mutation: Your magical capacity is very low. (-20% MP) [a shining eye]
  4474 | D        | Gained mutation: You are partially covered in rugged brown scales. (AC +1, +3% HP) [a shining eye]
  4480 | D        | Gained mutation: You are frail. (-10% HP) [a shining eye]
  4491 | D        | Gained mutation: You are dopey. (Int -2) [a shining eye]
  4497 | D        | Received a gift from Trog
  4497 | D        | Reached skill level 5 in Evocations
  4499 | D        | Gained mutation: Your body sometimes deteriorates upon taking damage. [a shining eye]
  4501 | D        | Gained mutation: You have an uncontrollable temper. [a shining eye]
  4502 | D        | Reached XP level 13. HP: 138/138 MP: 13/13
  4506 | D        | Found Coiqier's Jewellery Shop.
  4506 | D        | Found Gucuest's Weapon Shoppe.
  4506 | D        | Found Boosmy's Magic Scroll Boutique.
  4506 | D        | Found Sapp's Book Emporium.
  4570 | D        | Bought a potion of mutation for 80 gold pieces
  4570 | D        | Bought a potion of mutation for 80 gold pieces
  4570 | D        | Lost mutation: You are dopey. (Int -2) [potion of mutation]
  4570 | D        | Lost mutation: You have an uncontrollable temper. [potion of mutation]
  4570 | D        | Lost mutation: You are weak. (Str -2) [potion of mutation]
  4570 | D        | Lost mutation: You are clumsy. (Dex -2) [potion of mutation]
  4570 | D        | Gained mutation: Your muscles are strong. (Str +2) [potion of mutation]
  4570 | D        | Lost mutation: Your body sometimes deteriorates upon taking damage. [potion of mutation]
  4570 | D        | Gained mutation: You are surrounded by a mild repulsion field. (EV +2) [potion of mutation]
  4571 | D        | Lost mutation: Scrolls take you a little longer to read. [potion of mutation]
  4571 | D        | Lost mutation: You are partially covered in rugged brown scales. (AC +1, +3% HP) [potion of mutation]
  4571 | D        | Lost mutation: Your magical capacity is very low. (-20% MP) [potion of mutation]
  4571 | D        | Gained mutation: Your spells are a little easier to cast, but a little less powerful. [potion of mutation]
  4571 | D        | Lost mutation: Your muscles are strong. (Str +2) [potion of mutation]
  4571 | D        | Gained mutation: Your flesh is heat resistant. (rF+) [potion of mutation]
  4656 | D        | Killed a deep elf annihilator
  4713 | D        | Noticed a mummy priest
  4727 | D        | Noticed a jiangshi
  4737 | D        | Killed a mummy priest
  4737 | D        | Reached skill level 15 in Armour
  5136 | D        | Noticed a shadow dragon
  5241 | D        | Noticed a golden dragon
  5360 | D        | Killed a golden dragon
  5376 | D        | Killed a shadow dragon
  5376 | D        | Received a gift from Trog
  5376 | D        | Reached skill level 24 in Fighting
  5544 | D        | Found Nipe's Food Shoppe.
  5563 | D        | Bought a ration for 55 gold pieces
  5563 | D        | Bought a ration for 55 gold pieces
  5563 | D        | Bought a ration for 55 gold pieces
  5563 | D        | Bought a ration for 55 gold pieces
  5563 | D        | Bought a ration for 55 gold pieces
  5594 | D        | Noticed Lom Lobon
  5607 | D        | Noticed the 27-headed Lernaean hydra
  5609 | D        | HP: 1/134 [the 27-headed Lernaean hydra (10)]
  5609 | D        | Slain by the 27-headed Lernaean hydra

Vault maps used:
D:        dungeon_sprint_1

Skill      XL: |  1  2  3  4  5  6  7  8  9 10 11 12 13 |
---------------+----------------------------------------+-----
Axes           | 8 12 15 18 19 | 19.6
Fighting       | 11 12 14 16 21 23 24 | 24.4
Armour         | 7 10 13 14 15 | 15.2
Dodging        | 6 7 8 11 | 11.6
Maces & Flails | 9 |  9.0
Evocations     | 5 |  5.0

Action                   |  1- 3 |  4- 6 |  7- 9 | 10-12 | 13-15 || total
-------------------------+-------+-------+-------+-------+-------++-------
Melee: Hand axe          |    14 |    24 |    39 |       |       ||    77
       Demon whip        |       |       |    34 |    39 |       ||    73
       Battleaxe         |       |       |       |   161 |    42 ||   203
Invok: Berserk           |     1 |     1 |     4 |     5 |     2 ||    13
       Trog's Hand       |       |       |     2 |     1 |     1 ||     4
       Brothers in Arms  |       |       |     1 |       |       ||     1
  Use: Potion            |       |       |     1 |     2 |     3 ||     6
       Scroll            |       |       |       |     6 |     1 ||     7
  Eat: Ration            |       |       |     2 |     2 |     2 ||     6
       Chunk             |       |       |       |    10 |       ||    10
Armor: Chain mail        |       |     2 |    46 |    82 |    14 ||   144
       Shadow dragon sca |       |       |       |       |    16 ||    16
Dodge: Dodged            |     6 |     4 |    39 |    47 |    23 ||   119

Table legend:
 A = Spawn XP
 B = Non-spawn XP
 C = Spawn XP percentage of total XP
 D = Spawn monster count
 E = Non-spawn monster count
 F = Spawn count percentage of total count
 G = Total turns spent on level
                    A         B        C        D         E        F      G
               +---------+---------+-------+---------+---------+-------+---------
         Total |       0 |   41718 |   0.0 |       0 |      85 |   0.0 |  5609
               +---------+---------+-------+---------+---------+-------+---------
             D |       0 |   41718 |   0.0 |       0 |      85 |   0.0 |  5609
               +---------+---------+-------+---------+---------+-------+---------
